 Dungeon Crawl Stone Soup version 0.30-a0-918-g0ff054e9dc (webtiles) character file.

Game seed: 12826881892235389333

100064 Iich the Severer (level 15, -2/139 HPs)
             Began as a Demonspawn Fighter on Mar 20, 2023.
             Was an Initiate of Gozag.
             Shot with an arrow by a centaur warrior (16 damage)
             ... on level 14 of the Dungeon.
             The game lasted 00:56:08 (25781 turns).

Iich the Severer (Demonspawn Fighter)              Turns: 25781, Time: 00:56:08

Health: -2/139     AC: 30    Str: 33      XL:     15   Next: 79%
Magic:  0/15       EV: 15    Int: 12 (13) God:    Gozag
Gold:   172        SH: 11    Dex: 25      Spells: 14/14 levels left

rFire   x . .      SeeInvis .    Q - +2 war axe (freeze)
rCold   + . .      Faith    .    v - +0 kite shield {rC+}
rNeg    . . .      Spirit   +    A - +6 plate armour of Laphum Kune {rF- Str+5 Int+4}
rPois   +          Reflect  .    S - +2 helmet of Ameveti {rPois rCorr}
rElec   .          Rampage  .    G - +1 cloak
rCorr   +                        o - +1 pair of gloves of Protective Custody {Dex+6}
Will    +....                    X - +1 pair of boots Stlth
                                 (no amulet)
HPRegen 0.43/turn                W - +4 ring of protection
MPRegen 0.28/turn                z - +6 ring of strength

@: studying Necromancy
A: thin skeletal structure 2, spiny 2, magic shield, magic regeneration,
weakness stinger 1, deterioration 1, poison resistance, robust 1
a: Renounce Religion, Potion Petition, Call Merchant, Bribe Branch


You were on level 14 of the Dungeon.
You worshipped Gozag.
Gozag was aware of your devotion.
You visited 3 branches of the dungeon, and saw 20 of its levels.
You visited the Abyss 1 time.
You also visited: Sewer and Ice Cave.

You collected 5997 gold pieces.
You spent 1089 gold pieces at shops.
You paid 4736 gold pieces to Gozag.

Inventory:

Hand Weapons
 a - a +0 war axe
 Q - a +2 war axe of freezing (weapon)
Missiles
 R - 4 throwing nets (quivered)
Armour
 o - the +1 pair of gloves of Protective Custody (worn) {Dex+6}
   (You found it on level 2 of the Dungeon)

   Dex:       It affects your dexterity (+6).
 v - a +0 kite shield of cold resistance (worn)
 A - the +6 plate armour of Laphum Kune (worn) {rF- Str+5 Int+4}
   (You bought it in a shop on level 11 of the Dungeon)

   Str:       It affects your strength (+5).
   Int:       It affects your intelligence (+4).
   rF:        It makes you vulnerable to fire.
 G - a +1 cloak (worn)
 O - a +0 plate armour
 S - the +2 helmet of Ameveti (worn) {rPois rCorr}
   (You acquired it on level 5 of the Lair of Beasts)

   rPois:     It protects you from poison.
   rCorr:     It protects you from acid and corrosion.
 X - a +1 pair of boots (worn)
 Z - +0 shadow dragon scales
Jewellery
 r - a ring of flight
 u - a ring of magical power
 z - a +6 ring of strength (right hand)
 B - a ring of positive energy
 C - a ring of resist corrosion
 I - a ring of protection from cold
 N - a ring of positive energy
 W - a +4 ring of protection (left hand)
Wands
 c - a wand of flame (24)
 k - a wand of polymorph (2)
 y - a wand of iceblast (14)
 D - a wand of digging (14)
 J - a wand of charming (10)
 V - a wand of light (19)
Scrolls
 b - a scroll of silence
 f - 2 scrolls of amnesia
 g - 7 scrolls of fear
 i - 2 scrolls of identify
 p - 4 scrolls of poison
 s - a scroll of immolation
 w - a scroll of torment
 F - 4 scrolls of magic mapping
 K - a scroll of vulnerability
 L - 2 scrolls of fog
 P - a scroll of noise
Potions
 d - 6 potions of might
 e - 7 potions of mutation
 h - 4 potions of haste
 j - 2 potions of flight
 m - 2 potions of attraction
 n - a potion of resistance
 q - 2 potions of curing
 x - 3 potions of invisibility
 H - a potion of lignification
 M - 6 potions of brilliance
 U - 2 potions of ambrosia
 Y - a potion of magic
Miscellaneous
 E - a tin of tremorstones (inert)
 T - a lightning rod (1/4)


   Skills:
 + Level 14.9 Fighting
 * Level 18.6 Axes
 - Level 2.6 Armour
 + Level 12.1 Dodging
 - Level 2.6 Shields


You had 14 spell levels left.
You didn't know any spells.
Your spell library contained the following spells:

 Spells                   Type           Power      Damage    Failure   Level
 Foxfire                  Conj/Fire      0%         2x1d4     100%        1
 Freeze                   Ice            0%         1d3       100%        1
 Sting                    Tmut/Pois      0%         1d3       100%        1
 Summon Small Mammal      Summ           0%         N/A       100%        1
 Poisonous Vapours        Pois/Air       0%         N/A       100%        2
 Sublimation of Blood     Necr           0%         N/A       100%        2
 Wereblood                Tmut           0%         N/A       100%        2
 Call Canine Familiar     Summ           0%         N/A       100%        3
 Dazzling Flash           Conj/Hex       0%         N/A       100%        3
 Frozen Ramparts          Ice            0%         1d1       100%        3
 Gell's Gravitas          Tloc           0%         N/A       100%        3
 Hailstorm                Conj/Ice       0%         3d3       100%        3
 Kindle Blastsparks       Fire/Tloc/Air  0%         2d10      100%        3
 Ozocubu's Armour         Ice            0%         N/A       100%        3
 Portal Projectile        Hex/Tloc       0%         N/A       100%        3
 Summon Guardian Golem    Hex/Summ       0%         N/A       100%        3
 Teleport Other           Tloc           0%         N/A       100%        3
 Fulminant Prism          Conj/Hex       0%         3d5       100%        4
 Iskenderun's Mystic Bla  Conj/Tloc      0%         2d3       100%        4
 Leda's Liquefaction      Hex/Erth       0%         N/A       100%        4
 Olgreb's Toxic Radiance  Pois           0%         N/A       100%        4
 Fireball                 Conj/Fire      0%         3d3       100%        5
 Lee's Rapid Deconstruct  Erth           0%         3d4*      100%        5
 Metabolic Englaciation   Hex/Ice        0%         N/A       100%        5
 Dispersal                Tloc           0%         N/A       100%        6
 Starburst                Conj/Fire      0%         6d3       100%        6
 Ozocubu's Refrigeration  Ice            0%         4d7       100%        7
 Summon Hydra             Summ           0%         N/A       100%        7
 Simulacrum               Ice/Necr       Unusable   N/A       N/A         6

Dungeon Overview and Level Annotations

Branches:
Dungeon (14/15)            Temple (1/1) D:6            Lair (5/5) D:9
 Shoals (0/4) Lair:2        Snake (0/4) Lair:2        Slime (0/5) Lair:4
    Orc (0/2) D:9          Vaults (0/5) D:13          Sewer (visited)
  IceCv (visited)

Altars:
Ashenzari
Cheibriados
Dithmenos
Fedhas
Gozag
Hepliaklqana
Kikubaaqudgha
Makhleb
Nemelex Xobeh
Qazlal
Sif Muna
Uskayaw
Vehumet
Wu Jian
Xom
Yredelemnul
Jiyva

Shops:
D:2 [   D:5 [   D:11 [

Annotations:
D:6 3 runed translucent doors, pigah's ghost, novice OpWn
D:8 2 transporters
D:14 Frances; Louise


Innate Abilities, Weirdness & Mutations

You have a moderately thin skeletal structure. (Dex +4, Stealth++)
You are mostly covered in sharp spines.
When hurt, damage is shared between your health and your magic reserves.
You regenerate magic rapidly.
You have a small tail.
Your body sometimes deteriorates upon taking damage.
Your system is resistant to poisons. (rPois)
You are robust. (+10% HP)


Message History

The tengu warrior barely misses you.
You take 2 damage, and have 37/139 hp.
Unknown command.
Found 8 gold pieces.
The centaur warrior shoots an arrow.
The arrow closely misses you.
The starcursed mass shrieks in your mind.
* * * LOW HITPOINT WARNING * * *
You take 3 damage, and have 34/139 hp.
You now have 6/15 mp.
The tengu warrior attacks as you move away!
You block the tengu warrior's attack.
The tengu warrior pecks you but does no damage.
You block the tengu warrior's attack.
A starcursed mass splits.
A chorus of shrieks assaults your mind.
* * * LOW HITPOINT WARNING * * *
The centaur warrior shoots an arrow.
The arrow hits you but does no damage.
You take 5 damage, and have 29/139 hp.
The tengu warrior attacks as you move away!
The tengu warrior is struck by your spines.
The tengu warrior barely misses you.
The tengu warrior pecks you but does no damage.
The tengu warrior claws you but does no damage.
Found 22 gold pieces.
Unknown command.
The tengu warrior attacks as you move away!
The tengu warrior hits you but does no damage.
You block the tengu warrior's attack. x2
A chorus of shrieks assaults your mind.
* * * LOW HITPOINT WARNING * * *
There is a stone staircase leading down here.
You take 3 damage, and have 26/139 hp.
You now have 5/15 mp.
The tengu warrior attacks as you move away!
The tengu warrior hits you but does no damage.
You block the tengu warrior's attack.
The tengu warrior claws you but does no damage.
Unknown command.
The centaur warrior shoots an arrow.
The arrow hits you!
* * * LOW HITPOINT WARNING * * *
The centaur warrior shoots an arrow.
The arrow hits you!!
You die...
Your body crumbles into a pile of gold.

........$$...#
.............#
......c......#
.....@.......#
........X.X..#
.............#
............>#
.....(....QQ##
..........@..#
..........###
...$......
..........
..$.......#
..........#
..........#
..........#


You could see 2 starcursed masses, Louise, 2 tengu warriors and a centaur
warrior.

Vanquished Creatures
  Rupert (D:12)
  2 lorocyprocas (Abyss:2)
  2 dire elephants (Lair:5)
  A starcursed mass (Abyss:2)
  A bunyip (Abyss:2)
  Snorg (D:14)
  Harold (D:10)
  4 hydras
  An ogre mage (D:13)
  A boulder beetle (D:13)
  A catoblepas (Lair:4)
  5 death yaks (Lair:5)
  5 two-headed ogres
  5 thrashing horrors (Abyss:2)
  Urug (D:12)
  3 skysharks
  A sixfirhy (Abyss:2)
  A spectral anaconda (Lair:5)
  An obsidian statue (Lair:5)
  A lindwurm (Lair:5)
  A large abomination (Abyss:2)
  4 necromancers
  2 oklob plants (Lair:5)
  A deep elf pyromancer (D:13)
  3 cyclopes
  5 ugly things
  23 elephants
  2 manticores (D:12)
  An ice statue (IceCv)
  A smoke demon (Abyss:2)
  2 black mambas
  A gargoyle (D:13)
  2 unseen horrors
  2 dire elephant skeletons (Lair:5)
  15 cane toads
  4 rime drakes
  14 komodo dragons
  2 kobold demonologists
  15 ice devils
  An anaconda simulacrum (IceCv)
  4 freezing wraiths (IceCv)
  An ancient zyme (Abyss:2)
  A troll (D:13)
  4 merfolk (Lair:2)
  2 polar bears
  2 hellwings (Abyss:2)
  4 blink frogs (Lair:3)
  Sigmund (D:4)
  5 slime creatures (D:13)
  A shadow (D:9)
  A wraith (D:10)
  7 wyverns
  3 ynoxinuls (Abyss:2)
  10 basilisks
  4 steam dragons
  65 yaks
  2 chaos spawn (Abyss:2)
  A neqoxec (Abyss:2)
  2 harpy simulacra (IceCv)
  5 death yak simulacra
  7 nagas (Lair:2)
  3 vampire mosquitoes (D:13)
  A spectral cane toad (Lair:5)
  13 water moccasins
  4 hydra simulacra (IceCv)
  An acid dragon (D:12)
  7 orc warriors
  A black bear (shapeshifter) (Abyss:2)
  2 ice beasts
  6 black bears
  An elephant zombie (Lair:5)
  9 wolves (Lair:3)
  3 sky beasts
  3 ogres
  4 small abominations (Abyss:2)
  An elephant skeleton (Lair:5)
  5 kobold brigands
  10 phantoms
  15 bullfrogs
  3 scorpions
  A two-headed ogre simulacrum (IceCv)
  10 cane toad simulacra
  2 gnoll sergeants
  12 wights
  6 killer bees
  4 elephant simulacra (IceCv)
  2 howler monkeys
  2 hounds (D:7)
  10 orc priests
  2 sleepcaps
  8 iguanas
  7 orc wizards
  2 polar bear simulacra (IceCv)
  A spriggan simulacrum (IceCv)
  2 hell rats (Lair:2)
  3 wolf simulacra (IceCv)
  8 ogre zombies (D:9)
  A mummy (D:4)
  13 adders
  13 gnolls
  13 river rats
  5 white imps
  3 ufetubi
  2 worms (Sewer)
  3 dart slugs
  27 orcs
  11 ball pythons
  10 bats
  7 endoplasms
  7 giant cockroaches
  5 goblins
  7 hobgoblins
  10 kobolds
  5 quokkas
  6 frilled lizards
  A goblin skeleton (D:9)
  3 goblin zombies (D:9)
  2 hobgoblin zombies
  4 orc skeletons (D:9)
  17 orc zombies
  11 rats
  A lurking horror (Abyss:2)
633 creatures vanquished.

Vanquished Creatures (others)
  A yak (D:9)
  A golden eye (Abyss:2)
  A kobold (D:8)
  52 fungi
  41 plants
  21 withered plants (Lair:5)
117 creatures vanquished.

Grand Total: 750 creatures vanquished

Notes
Turn   | Place    | Note
-------+----------+-------------------------------------------
     0 | D:1      | Iich the Demonspawn Fighter began the quest for the Orb.
     0 | D:1      | Reached XP level 1. HP: 18/18 MP: 1/1
    41 | D:1      | Reached skill level 2 in Axes
    76 | D:1      | Gained mutation: You are partially covered in sharp spines.
                  | [demonic ancestry]
    76 | D:1      | Reached XP level 2. HP: 17/24 MP: 2/2
   352 | D:1      | Gained mutation: You regenerate magic rapidly. [demonic
                  | ancestry]
   352 | D:1      | Reached XP level 3. HP: 29/29 MP: 3/3
   447 | D:1      | Found a faded altar of an unknown god.
   592 | D:2      | Gained mutation: You are frail. (-10% HP) [potion of
                  | mutation]
   592 | D:2      | Lost mutation: You are frail. (-10% HP) [potion of
                  | mutation]
   592 | D:2      | Gained mutation: You are robust. (+10% HP) [potion of
                  | mutation]
   592 | D:2      | Gained mutation: Your system is resistant to poisons.
                  | (rPois) [potion of mutation]
   596 | D:2      | Reached skill level 3 in Axes
   680 | D:2      | Identified the +1 pair of gloves of Protective Custody
                  | {Dex+6}
   736 | D:2      | Found Kiudem Asio's Antique Armour Boutique.
  1197 | D:3      | Reached XP level 4. HP: 34/40 MP: 4/4
  1555 | D:4      | Reached skill level 4 in Axes
  1555 | D:4      | Gained mutation: You have a somewhat thin skeletal
                  | structure. (Dex +2, Stealth+) [demonic ancestry]
  1555 | D:4      | Reached XP level 5. HP: 36/46 MP: 5/5
  1561 | D:4      | Found a glowing drain.
  1590 | Sewer    | Entered a sewer
  2066 | Sewer    | Reached skill level 5 in Axes
  2066 | Sewer    | Gained mutation: You have a moderately thin skeletal
                  | structure. (Dex +4, Stealth++) [demonic ancestry]
  2066 | Sewer    | Reached XP level 6. HP: 18/53 MP: 6/6
  2308 | Sewer    | Reached skill level 5 in Fighting
  2318 | Sewer    | Reached XP level 7. HP: 47/61 MP: 7/7
  2389 | D:4      | Reached skill level 6 in Axes
  2477 | D:4      | Noticed Sigmund
  2497 | D:4      | Killed Sigmund
  2648 | D:4      | Reached skill level 7 in Axes
  2659 | D:4      | Reached XP level 8. HP: 62/70 MP: 8/8
  2810 | D:5      | Entered Level 5 of the Dungeon
  3587 | D:5      | Reached skill level 8 in Axes
  3715 | D:5      | Found Gotsuus's Armour Boutique.
  3843 | D:2      | Bought a shiny helmet for 165 gold pieces
  4208 | D:6      | Found a staircase to the Ecumenical Temple.
  4226 | Temple   | Entered the Ecumenical Temple
  4576 | D:6      | Found a runed translucent gate.
  4576 | D:6      | Found a runed translucent gate.
  4576 | D:6      | Found a runed translucent gate.
  4577 | D:6      | Noticed a kobold demonologist
  4577 | D:6      | Noticed pigah's ghost (novice OpWn)
  4820 | D:6      | Reached skill level 9 in Axes
  4839 | D:6      | Gained mutation: You are mostly covered in sharp spines.
                  | [demonic ancestry]
  4839 | D:6      | Reached XP level 9. HP: 46/79 MP: 9/9
  5210 | Temple   | Became a worshipper of Gozag Ym Sagoz the Greedy
  5893 | D:7      | Reached skill level 10 in Axes
  5921 | D:7      | Found a shimmering altar of Xom.
  5921 | D:7      | Found an ornate altar of the Wu Jian Council.
  5929 | D:7      | Found a hazy altar of Hepliaklqana.
  5930 | D:7      | Found an ancient bone altar of Kikubaaqudgha.
  5932 | D:7      | Found a sparkling altar of Nemelex Xobeh.
  5933 | D:7      | Found a radiant altar of Vehumet.
  5935 | D:7      | Found a shadowy altar of Dithmenos.
  5939 | D:7      | Found a hide-covered altar of Uskayaw.
  7990 | D:8      | Reached skill level 11 in Axes
  7990 | D:8      | Reached XP level 10. HP: 69/76 MP: 10/10
  8361 | D:8      | Found a transporter.
  8475 | D:8      | Found a viscous altar of Jiyva.
  8518 | D:8      | Found a transporter.
  9270 | D:9      | Reached skill level 12 in Axes
  9306 | D:9      | Noticed a two-headed ogre
  9600 | D:9      | Found a staircase to the Orcish Mines.
  9624 | D:9      | Killed a two-headed ogre
  9625 | D:9      | Reached skill level 10 in Fighting
  9762 | D:9      | Found a staircase to the Lair.
  9886 | D:9      | Reached XP level 11. HP: 57/101 MP: 11/11
 10635 | D:10     | Entered Level 10 of the Dungeon
 10678 | D:10     | Noticed a two-headed ogre
 10687 | D:10     | Killed a two-headed ogre
 10688 | D:10     | Reached skill level 13 in Axes
 10690 | D:10     | Reached skill level 1 in Dodging
 11385 | D:10     | Found a burning altar of Makhleb.
 11387 | D:10     | Noticed a blizzard demon
 11509 | D:10     | Noticed Harold
 11568 | D:10     | Killed Harold
 11738 | Lair:1   | Entered Level 1 of the Lair of Beasts
 12381 | Lair:1   | Reached skill level 14 in Axes
 12863 | Lair:1   | Gained mutation: When hurt, damage is shared between your
                  | health and your magic reserves. [demonic ancestry]
 12863 | Lair:1   | Reached XP level 12. HP: 72/110 MP: 12/12
 13324 | Lair:2   | Reached skill level 5 in Dodging
 14333 | Lair:2   | Found a staircase to the Snake Pit.
 14350 | Lair:2   | Reached skill level 15 in Axes
 14419 | Lair:2   | Found a staircase to the Shoals.
 14760 | Lair:2   | Reached XP level 13. HP: 118/118 MP: 13/13
 14827 | Lair:3   | Noticed Nessos
 14835 | Lair:3   | Nessos changed into Nessos the basilisk
 14835 | Lair:3   | Noticed Nessos
 14849 | Lair:3   | Killed Nessos the basilisk
 15165 | Lair:3   | Found a frozen archway.
 15196 | IceCv    | Entered an ice cave
 15737 | IceCv    | Found an ancient bone altar of Kikubaaqudgha.
 15785 | IceCv    | Gained mutation: You have a small tail. [demonic ancestry]
 15785 | IceCv    | Reached XP level 14. HP: 86/127 MP: 12/14
 16179 | IceCv    | Reached skill level 16 in Axes
 16203 | IceCv    | Got the Lectures on the Deep Freeze
 16393 | Lair:3   | Reached skill level 10 in Dodging
 17613 | Lair:4   | Found a staircase to the Slime Pits.
 17614 | Lair:4   | Found a viscous altar of Jiyva.
 18219 | Lair:5   | Entered Level 5 of the Lair of Beasts
 18729 | Lair:5   | Identified a scroll of acquirement
 18730 | Lair:5   | Acquired the +2 helmet of Ameveti {rPois rCorr}
 18919 | Lair:5   | Reached skill level 17 in Axes
 20256 | Lair:5   | Reached XP level 15. HP: 116/137 MP: 13/15
 21717 | D:11     | Found Vygoshen's Antique Armour Shoppe.
 21725 | D:11     | Bought a masterwork plate armour for 924 gold pieces
 21725 | D:11     | Identified the +6 plate armour of Laphum Kune {rF- Str+5
                  | Int+4} (You bought it in a shop on level 11 of the Dungeon)
 22591 | D:12     | Noticed Rupert
 22593 | D:12     | Paralysed by Rupert for 2 turns
 22621 | D:12     | Killed Rupert
 22944 | D:12     | Noticed Urug
 22954 | D:12     | Killed Urug
 23090 | D:12     | Reached skill level 18 in Axes
 23562 | D:13     | Paralysed by an ogre mage for 4 turns
 23573 | D:13     | Found a gate to the Vaults.
 24293 | D:14     | Noticed Frances
 24296 | D:14     | Noticed Louise
 25126 | D:14     | Found a stormy altar of Qazlal.
 25164 | D:14     | Noticed Snorg
 25174 | D:14     | Killed Snorg
 25201 | Abyss:2  | Cast into level 2 of the Abyss (Louise)
 25605 | Abyss:2  | Noticed a bone dragon
 25620 | Abyss:2  | Gained mutation: Your body sometimes deteriorates upon
                  | taking damage. [a neqoxec]
 25772 | D:14     | Escaped the Abyss
 25781 | D:14     | Shot with an arrow by a centaur warrior

Illustrated notes

Levels and vault maps discovered:
D:1:      dpeg_arrival_more_subterranean_lakeside_camping, layout_rooms,
          shapermc_ecumenical_altar_mp_urbaneastern, roderic_malta_cross,
          minmay_misc_feat_more_columns, minivault_4
D:2:      layout_basic, basic_altar, serial_shops, shop_fountains,
          serial_bayou_ford_a, grunt_ministairs_7
D:3:      layout_rooms
D:4:      layout_rooms, nicolae_ossuary_entry_giza, gup_sewer_entry_glass,
          uniq_sigmund
D:5:      layout_layer_cave, serial_shops, nicolae_shop_trees
D:6:      layout_loops_corners, minmay_temple_entry_waves,
          gammafunk_ghost_nasty_kobolds
D:7:      layout_gridville, kennysheep_mini,
          nicolae_overflow_hallway_of_the_gods, grunt_decor_mini_mirrors
D:8:      gammafunk_jiyva_shrine, layout_loops_cross, minivault_26
D:9:      layout_irregular_city, grunt_lair_entry_orc_guard_hut,
          zombieorc2_lemuel
D:10:     layout_loops_cross, makhleb_altar_promises_db, uniq_harold
D:11:     layout_irregular_city, serial_shops, shop
D:12:     layout_gridville, uniq_urug, uniq_rupert
D:13:     layout_irregular_city, david_vaults_2, solitary_fountain
D:14:     layout_big_octagon, serial_shops, shop_fountains,
          minmay_tree_intersection, nicolae_qazlal_general_emergency,
          uniq_snorg, uniq_louise, uniq_frances
Temple:   nicolae_temple_bog_church
Lair:1:   layout_regular_city, infiniplex_staircase_pool_2
Lair:2:   layout_cave_pods, elwin_shoals_entry_stream,
          minmay_snake_entry_guardpost_large, kennysheep_rathole
Lair:3:   beast_lair_carwin_large_4, layout_chaotic_city,
          portal_ice_cave_demonic_guard, uniq_nessos
Lair:4:   layout_cave_pods, slime_entry_1
Lair:5:   due_jungle_book, layout_loops_ring, kennysheep_basilisk_garden,
          grunt_megastairs_1, lemuel_fruit_fields

Skill      XL: |  1  2  3  4  5  6  7  8  9 10 11 12 13 14 15 |
---------------+----------------------------------------------+-----
Axes           | 2 3 4 5 7 9 11 12 14 15 17 18 | 18.6
Fighting       | 4 5 6 7 8 10 11 12 13 14 | 14.9
Dodging        | 4 8 9 11 12 | 12.1
Armour         | |  2.6
Shields        | |  2.6

Action                     |  1- 3 |  4- 6 |  7- 9 | 10-12 | 13-15 || total
---------------------------+-------+-------+-------+-------+-------++-------
  Melee: War axe           |    90 |   149 |   261 |   460 |   900 ||  1860
         Unarmed           |       |       |    28 |       |       ||    28
         Tailslap          |       |       |       |       |   157 ||   157
 Invoke: Potion Petition   |       |       |       |     1 |    11 ||    12
  Evoke: Wand              |       |       |     2 |     7 |    31 ||    40
         Lightning rod     |       |       |       |       |     7 ||     7
         Tin of tremorston |       |       |       |       |     3 ||     3
    Use: Potion            |     1 |     5 |     6 |     3 |     6 ||    21
         Scroll            |       |     3 |     9 |     9 |    10 ||    31
   Stab: Sleeping          |       |     2 |     7 |     1 |     1 ||    11
         Distracted        |       |       |     3 |     4 |     7 ||    14
         Invisible         |       |       |       |       |    27 ||    27
 Armour: Scale mail        |    40 |    64 |    76 |    75 |       ||   255
         Chain mail        |       |       |    32 |       |       ||    32
         Plate armour      |       |       |       |   116 |   459 ||   575
         Ice dragon scales |       |       |       |       |    30 ||    30
  Dodge: Dodged            |    45 |    45 |   115 |   147 |   433 ||   785
  Block: Buckler           |    21 |    37 |    71 |   103 |    50 ||   282
         Kite shield       |       |       |       |       |   331 ||   331

Table legend: (Time is in decaauts)
 A = Elapsed time spent in this place.
 B = Non-inter-level travel time spent in this place.
 C = Inter-level travel time spent in this place.
 D = Time resting spent in this place.
 E = Time spent auto-exploring this place.
 F = Levels seen in this place.
 G = Mean time per level.
                   A        B        C        D        E       F      G
               +--------+--------+--------+--------+--------+-----+--------+
         Total |  25703 |  24627 |   1076 |   4269 |  15690 |  23 | 1117.5 |
       Dungeon |  14366 |  13647 |    719 |   2195 |   9205 |  14 | 1026.1 |
        Temple |    156 |    156 |      0 |      0 |     47 |   1 |  156.0 |
          Lair |   8639 |   8283 |    356 |   1155 |   5744 |   5 | 1727.8 |
         Abyss |    558 |    558 |      0 |    323 |      8 |   1 |  558.0 |
         Sewer |    871 |    871 |      0 |    349 |     43 |   1 |  871.0 |
      Ice Cave |   1111 |   1111 |      0 |    245 |    642 |   1 | 1111.0 |
               +--------+--------+--------+--------+--------+-----+--------+

Top non-repeatable levels by time:
  Lair:5: 3255 daAuts
  Lair:1: 1965 daAuts
     D:9: 1811 daAuts
     D:6: 1693 daAuts
     D:7: 1665 daAuts
    D:13: 1625 daAuts
     D:5: 1251 daAuts
     D:8: 1157 daAuts
  Lair:4: 1156 daAuts
  Lair:3: 1143 daAuts
  Lair:2: 1117 daAuts
   IceCv: 1111 daAuts
    D:10: 1088 daAuts
    D:12: 915 daAuts
   Sewer: 871 daAuts
